 Dungeon Crawl Stone Soup version 0.25.0-9-g26727b6 (webtiles) character file.

Game seed: 12943389441558690406

7119 Ousak the Fighter (level 10, -2/100 HPs)
             Began as a White Draconian Ice Elementalist on June 18, 2020.
             Was an Elder of Sif Muna.
             Slain by a seven-headed hydra (9 damage)
             ... on level 9 of the Dungeon.
             The game lasted 00:13:15 (9240 turns).

Ousak the Fighter (DrIE)                            Turns: 9240, Time: 00:13:16

Health: -2/100     AC:  8    Str: 10    XL:     10   Next: 85%
Magic:  19/19      EV: 12    Int: 22    God:    Sif Muna [****..]
Gold:   674        SH:  5    Dex: 12    Spells: 7/22 levels left

rFire    . . .     SeeInvis .   d - +7 flail "Motsuno" {flame, rPois rC+ Int+3}
rCold    + + .     Gourm    .   (no shield)
rNeg     + . .     Faith    .   (armour unavailable)
rPois    +         Spirit   .   (helmet restricted)
rElec    .         Reflect  +   (no cloak)
rCorr    .         Harm     .   (no gloves)
MR       +....                  p - +0 pair of boots
Stlth    ++........             v - amulet of reflection
HPRegen  0.26/turn              a - ring of positive energy
MPRegen  0.16/turn              i - ring of protection from magic

@: about to teleport
A: breathe frost, unfitting armour, cold resistance 1, cold-blooded, AC +7
a: Breathe Frost, Channel Magic, Forget Spell, Divine Exegesis, Renounce
Religion


You were on level 9 of the Dungeon.
You worshipped Sif Muna.
Sif Muna was greatly pleased with you.
You were not hungry.

You visited 2 branches of the dungeon, and saw 10 of its levels.

You collected 674 gold pieces.

Inventory:

Hand Weapons
 d - the +7 flail "Motsuno" (weapon) {flame, rPois rC+ Int+3}
   (You found it on level 6 of the Dungeon)

   It has been specially enchanted to burn those struck by it, causing extra
   injury to most foes and up to half again as much damage against particularly
   susceptible opponents.
   It affects your intelligence (+3).
   It protects you from cold.
   It protects you from poison.
Armour
 p - a +0 pair of boots (worn)
Jewellery
 a - a ring of positive energy (left hand)
 i - a ring of protection from magic (right hand)
 k - the amulet "Kuitit" {Inacc *Slow MR+ Int+3 SInv, unknown}
   (You found it on level 8 of the Dungeon)

   [amulet of inaccuracy]

   It reduces the accuracy of all your attacks.
   It affects your intelligence (+3).
   It affects your resistance to hostile enchantments.
   It lets you see invisible.
   It may slow you when you take damage.
 l - an uncursed ring of ice
 v - an amulet of reflection (around neck)
 y - an uncursed ring of positive energy
Wands
 r - a wand of acid (10)
 w - a wand of clouds (6)
 C - a wand of digging (4)
 D - a wand of enslavement (9)
Scrolls
 e - 5 scrolls of remove curse
 f - a scroll of fog {unknown}
 g - a scroll of immolation {unknown}
 j - 3 scrolls of teleportation
 q - 3 scrolls of noise
 t - 4 scrolls of amnesia {unknown}
 u - a scroll of fear {unknown}
 A - a scroll of enchant armour {unknown}
 B - a scroll of blinking {unknown}
 F - a scroll of torment {unknown}
Potions
 c - a potion of lignification
 h - 2 potions of ambrosia
 n - a potion of brilliance
 o - 3 potions of curing
 s - 2 potions of berserk rage {unknown}
 z - a potion of degeneration {unknown}
 G - a potion of haste
Comestibles
 b - 25 rations


   Skills:
 - Level 12.9 Fighting
 + Level 10.1 Maces & Flails
 - Level 1.7 Dodging
 - Level 1.7 Stealth
 - Level 6.5 Spellcasting
 - Level 7.2 Ice Magic


You had 7 spell levels left.
You knew the following spells:

 Your Spells              Type           Power        Failure   Level  Hunger
a - Freeze                Ice            ####         1%          1    None
b - Frozen Ramparts       Ice            #####.       1%          3    #......
c - Ozocubu's Armour      Chrm/Ice       ###.....     6%          3    #......
d - Hailstorm             Conj/Ice       ###.....     21%         4    ###....
e - Summon Ice Beast      Ice/Summ       ###.....     21%         4    ###....

Your spell library contained the following spells:

 Spells                   Type           Power        Failure   Level  Hunger
 Corona                   Hex            #......      9%          1    None
 Magic Dart               Conj           #...         9%          1    None
 Blink                    Tloc           N/A          13%         2    None
 Call Imp                 Summ           #.......     13%         2    None
 Slow                     Hex            #.......     13%         2    None
 Conjure Flame            Conj/Fire      #.......     26%         3    #......
 Inner Flame              Hex/Fire       #.......     26%         3    #......
 Mephitic Cloud           Conj/Pois/Air  #.......     26%         3    #......
 Portal Projectile        Hex/Tloc       #.....       26%         3    #......
 Cause Fear               Hex            #.........   65%         4    ###....
 Leda's Liquefaction      Hex/Erth       #.........   65%         4    ###....


Dungeon Overview and Level Annotations

Branches:
Dungeon (9/15)             Temple (1/1) D:4
   Lair: D:8-11         Orc: D:9-12

Altars:
Cheibriados
Dithmenos
Elyvilon
Fedhas
Gozag
Hepliaklqana
Kikubaaqudgha
Makhleb
Qazlal
Ru
Sif Muna
Trog
Uskayaw
Vehumet
Xom
Yredelemnul
Zin
The Shining One


Innate Abilities, Weirdness & Mutations

You can breathe waves of freezing cold.
You can buffet flying creatures when you breathe cold.
Your icy white scales are hard. (AC +7)
You cannot fit into any form of body armour.
Your flesh is cold resistant. (rC+)
You are cold-blooded and may be slowed by cold attacks.


Message History

The basilisk bites you. The seven-headed hydra bites you! x3
* * * LOW HITPOINT WARNING * * *
You block the seven-headed hydra's attack.
The seven-headed hydra bites you!
* * * LOW HITPOINT WARNING * * *
The seven-headed hydra bites you!
* * * LOW HITPOINT WARNING * * *
The seven-headed hydra barely misses you.
You hear a shout! x5
You feel much better. The centaur warrior hits you!
* * * LOW HITPOINT WARNING * * *
The howler monkey closely misses you. The basilisk gazes at you.
You resist with almost no effort. The seven-headed hydra bites you.
* * * LOW HITPOINT WARNING * * *
The seven-headed hydra barely misses you.
The seven-headed hydra bites you.
* * * LOW HITPOINT WARNING * * *
The seven-headed hydra bites you!
You die...

#....#
##..).zz{
####....
###....
#......
#......
#...###
#...#
######
#...#
#.h@$#
#...#
#..lDc≈#
#...#
#..#⌠Z#..#
#...#
#..#.>#.(#
#...#
##§..$..##
Z#.≈§.##
..######
##


You could see a seven-headed hydra, a centaur warrior, a basilisk, a howler
monkey (catching breath), a worker ant zombie and a hound skeleton.

Vanquished Creatures
  A two-headed ogre (D:8)
  Maggie (D:7)
  3 hippogriffs
  2 wyverns
  Eustachio (D:4)
  A hungry ghost (D:9)
  A warg (D:9)
  Edmund (D:4)
  2 ice beasts
  Purgy (D:3)
  A black bear (D:9)
  3 phantoms
  An orc warrior (D:9)
  A centaur (D:7)
  A necrophage (D:9)
  3 ogres
  A big kobold (D:8)
  3 bullfrogs
  A gnoll sergeant (D:6)
  A scorpion (D:8)
  17 killer bees
  5 wights (D:9)
  2 crimson imps
  A centaur zombie (D:3)
  7 hounds
  A quasit (D:4)
  2 bullfrog zombies
  9 orc priests
  A gnoll shaman (D:8)
  A jelly (D:7)
  A bullfrog skeleton (D:9)
  3 centaur skeletons
  An iguana (D:4)
  3 worker ants
  2 orc wizards
  2 hound zombies
  A hound skeleton (D:7)
  Robin (D:4)
  16 gnolls
  13 adders
  3 shadow imps
  2 adder zombies
  An adder skeleton (D:4)
  2 worms (D:5)
  7 leopard geckos
  20 orcs
  6 giant cockroaches
  19 goblins
  10 hobgoblins
  8 jackals
  7 quokkas
  2 ball pythons (D:2)
  11 bats
  8 frilled lizards
  A giant cockroach zombie (D:6)
  2 jackal skeletons
  7 kobolds
  A leopard gecko skeleton (D:5)
  5 rats
241 creatures vanquished.

Vanquished Creatures (collateral kills)
  An ice beast (D:5)
1 creature vanquished.

Grand Total: 242 creatures vanquished

Notes
Turn   | Place    | Note
-------+----------+-------------------------------------------
     0 | D:1      | Ousak the Draconian Ice Elementalist began the quest for
                  | the Orb.
     0 | D:1      | Reached XP level 1. HP: 14/14 MP: 3/3
   265 | D:1      | Reached XP level 2. HP: 20/20 MP: 3/5
  1007 | D:2      | Reached XP level 3. HP: 18/26 MP: 1/6
  1159 | D:2      | Reached skill level 5 in Ice Magic
  1714 | D:2      | Reached XP level 4. HP: 21/33 MP: 3/8
  2066 | D:2      | Learned a level 3 spell: Frozen Ramparts
  2070 | D:2      | Learned a level 3 spell: Ozocubu's Armour
  2145 | D:3      | Noticed Purgy
  2422 | D:3      | Reached XP level 5. HP: 27/39 MP: 5/10
  2679 | D:3      | Killed Purgy
  2679 | D:3      | Reached skill level 1 in Maces & Flails
  2679 | D:3      | Reached XP level 6. HP: 25/46 MP: 4/12
  3043 | D:3      | Reached skill level 1 in Fighting
  3207 | D:4      | Found a glowing golden altar of the Shining One.
  3207 | D:4      | Found an ancient bone altar of Kikubaaqudgha.
  3368 | D:4      | Found a staircase to the Ecumenical Temple.
  3389 | Temple   | Entered the Ecumenical Temple
  3537 | Temple   | Became a worshipper of Sif Muna the Loreminder
  3628 | D:4      | Noticed Robin
  3634 | D:4      | Killed Robin
  3659 | D:4      | Noticed Eustachio
  3669 | D:4      | Killed Eustachio
  3669 | D:4      | Reached skill level 5 in Spellcasting
  3669 | D:4      | Your scales start taking on an icy white colour.
  3669 | D:4      | Reached XP level 7. HP: 33/52 MP: 2/14
  3669 | D:4      | Gained mutation: Your flesh is cold resistant. (rC+) [White
                  | Draconian growth]
  4038 | D:4      | Identified the +2 leather armour "Aviuven" {rF- Str+4
                  | Int+8}
  4136 | D:4      | Reached * piety under Sif Muna
  4169 | D:4      | Reached skill level 2 in Fighting
  4462 | D:4      | Noticed Edmund
  4467 | D:4      | Killed Edmund
  4746 | D:4      | Reached skill level 12 in Fighting
  4746 | D:4      | Reached XP level 8. HP: 85/85 MP: 17/17
  4752 | D:4      | Learned a level 4 spell: Hailstorm
  4757 | D:4      | Learned a level 4 spell: Summon Ice Beast
  4797 | D:5      | Entered Level 5 of the Dungeon
  5149 | D:5      | Reached XP level 9. HP: 81/92 MP: 18/18
  5639 | D:6      | Got a crystal flail
  5789 | D:6      | Found a shimmering blue altar of Sif Muna.
  6165 | D:6      | Identified the +7 flail "Motsuno" {flame, rPois rC+ Int+3}
                  | (You found it on level 6 of the Dungeon)
  6233 | D:7      | Reached skill level 5 in Maces & Flails
  6332 | D:7      | Noticed Maggie
  6337 | D:7      | Reached ** piety under Sif Muna
  6346 | D:7      | Killed Maggie
  6668 | D:7      | Found a sacrificial altar of Ru.
  6671 | D:7      | Found a hazy altar of Hepliaklqana.
  7026 | D:7      | Found a shimmering altar of Xom.
  7167 | D:8      | Noticed a two-headed ogre
  7188 | D:8      | Killed a two-headed ogre
  7188 | D:8      | Reached XP level 10. HP: 74/100 MP: 15/19
  7297 | D:8      | Got a wavering diamond amulet
  7741 | D:8      | Reached *** piety under Sif Muna
  9111 | D:9      | Reached **** piety under Sif Muna
  9119 | D:9      | Reached skill level 10 in Maces & Flails
  9236 | D:9      | Noticed a seven-headed hydra
  9236 | D:9      | Noticed a centaur warrior
  9239 | D:9      | HP: 1/100 [seven-headed hydra (13)]
  9240 | D:9      | Slain by a seven-headed hydra

Illustrated notes

Levels and vault maps discovered:
D:1:      minmay_arrival_glassed_features, layout_basic, minmay_ruptured
D:2:      layout_basic
D:3:      layout_rooms, st_stairs_12, uniq_purgy
D:4:      layout_loops_ring, chequers_temple_overflow_statue_of_worship,
          minmay_temple_entry_junction, uniq_edmund, uniq_robin, uniq_eustachio
D:5:      layout_cave_pools, first_ration, minmay_bent
D:6:      layout_rooms, basic_altar
D:7:      layout_gridville, grunt_temple_overflow_open, xom_teletrap_fun,
          uniq_maggie
D:8:      layout_loops_cross, grunt_ogre_cave
D:9:      layout_basic, david_orc_3, special_room [special_room_bee],
          nzn_random_ring
Temple:   dpeg_five_rooms_temple

Skill      XL: |  1  2  3  4  5  6  7  8  9 10 |
---------------+-------------------------------+-----
Ice Magic      | 5 6 7 |  7.2
Spellcasting   | 3 4 5 6 |  6.5
Maces & Flails | 1 2 3 4 8 10 | 10.1
Fighting       | 1 12 | 12.9
Dodging        | |  1.7
Stealth        | |  1.7

Action                   |  1- 3 |  4- 6 |  7- 9 | 10-12 || total
-------------------------+-------+-------+-------+-------++-------
Melee: Unarmed           |    25 |     1 |       |       ||    26
       Tailslap          |     1 |     6 |    18 |     7 ||    32
       Whip              |       |    54 |   142 |       ||   196
       Flail             |       |       |    36 |   103 ||   139
 Cast: Freeze            |    48 |    18 |    22 |    12 ||   100
       Frozen Ramparts   |       |    13 |    19 |    21 ||    53
       Summon Ice Beast  |       |       |     2 |       ||     2
       Hailstorm         |       |       |       |     2 ||     2
  Use: Scroll            |       |       |     6 |     3 ||     9
       Potion            |       |       |     1 |     1 ||     2
 Stab: Sleeping          |     1 |     1 |     4 |     1 ||     7
       Distracted        |       |       |     1 |       ||     1
  Eat: Chunk             |     3 |     7 |    12 |     9 ||    31
Armor: Skin              |    26 |    32 |    73 |    45 ||   176
Dodge: Dodged            |    43 |    73 |   126 |    70 ||   312
Block: Other             |       |       |    12 |    22 ||    34
       Reflection        |       |       |       |     1 ||     1
